 Dungeon Crawl Stone Soup version 0.29.1-12-g30fa7ad0bf (webtiles) character file.

Game seed: 14407457675141429057

29 hawla the Firebug (level 3, -7/26 HPs)
             Began as a Meteoran Fire Elementalist on Dec 15, 2022.
             Killed from afar by Ijyb (8 damage)
             ... with a puff of flame
             ... on level 3 of the Dungeon.
             The game lasted 00:03:23 (278 turns).

hawla the Firebug (Meteoran Fire Elementalist)       Turns: 278, Time: 00:03:24

Health: -7/26      AC:  2    Str:  9    XL:     3   Next: 52%
Magic:  1/8        EV: 12    Int: 18    God:
Gold:   21         SH:  0    Dex: 13    Spells: 5/8 levels left

rFire   . . .      SeeInvis .   (no weapon)
rCold   . . .      Faith    .   (no shield)
rNeg    . . .      Spirit   .   a - +0 robe
rPois   .          Reflect  .   (no helmet)
rElec   .          Harm     .   (no cloak)
rCorr   .          Rampage  .   (no gloves)
Will    .....                   (no boots)
Stlth   +.........              (no amulet)
HPRegen 0.08/turn               (no ring)
MPRegen 0.11/turn               (no ring)

@: glowing, unable to read
A: sense surroundings 1, otherworldly, glowing, explore regen, clumsy 1,
inability to read after injury 1
a: no special abilities


You were on level 3 of the Dungeon.
You visited 1 branch of the dungeon, and saw 3 of its levels.

You collected 21 gold pieces.

Inventory:

Armour
 a - a +0 robe (worn)


   Skills:
 + Level 2.9 Dodging
 - Level 1.4 Stealth
 + Level 3.0 Spellcasting
 + Level 1.2 Conjurations
 + Level 4.5 Fire Magic


You had 5 spell levels left.
You knew the following spells:

 Your Spells              Type           Power      Damage    Failure   Level
a - Foxfire               Conj/Fire      52%        2x1d6     4%          1
b - Scorch                Fire           38%        2d6       3%          2

Your spell library contained the following spells:

 Spells                   Type           Power      Damage    Failure   Level
 Conjure Flame            Conj/Fire      13%        6-21      14%         3
 Apportation              Tloc           4%         N/A       16%         1
 Necrotise                Necr           8%         1d4       16%         1
 Summon Small Mammal      Summ           8%         N/A       16%         1
 Inner Flame              Hex/Fire       10%        N/A       19%         3
 Gell's Gravitas          Tloc           2%         N/A       43%         3
 Lesser Beckoning         Tloc           2%         N/A       43%         3
 Teleport Other           Tloc           2%         N/A       43%         3
 Flame Wave               Conj/Fire      13%        2d6       43%         4


Dungeon Overview and Level Annotations

Branches:
Dungeon (3/15) Zot: 1521

Altars:

Shops:
D:1 =

Annotations:
D:3 Ijyb


Innate Abilities, Weirdness & Mutations

You passively map a small area around you.
You are easily found by Zot.
You glow in the dark.
You regain HP and MP as you explore.
You are clumsy. (Dex -2)
You occasionally lose the ability to read scrolls when taking damage.


Message History

The foxfire hits Ijyb.
Ijyb is moderately wounded.
The foxfire hits Ijyb!
Ijyb is burned terribly!
Ijyb is heavily wounded.
Your foxfire dissipates!
Casting: Scorch (safe; 3% risk of failure)
Confirm with . or Enter, or press ? or * to list all spells.
Flames lash Ijyb.
Ijyb is heavily wounded.
Unknown command.
Casting: Scorch (safe; 3% risk of failure)
Confirm with . or Enter, or press ? or * to list all spells.
You conjure some foxfire!
Ijyb hits you with a +0 dagger.
Casting: Foxfire (safe; 4% risk of failure)
Confirm with . or Enter, or press ? or * to list all spells.
Flames lash Ijyb.
Ijyb is burned terribly!
Ijyb is almost dead.
The foxfire hits Ijyb but does no damage.
Ijyb is almost dead.
The foxfire hits Ijyb but does no damage.
Ijyb is almost dead.
Ijyb hits you with a +0 dagger.
You closely miss Ijyb.
Ijyb is almost dead.
Ijyb hits you with a +0 dagger.
You completely miss Ijyb.
Ijyb is almost dead.
Ijyb hits you with a +0 dagger.
You barely miss Ijyb. You punch Ijyb, but do no damage.
Ijyb is almost dead.
Ijyb closely misses you.
Ijyb zaps a wand.
The puff of flame hits you!
* * * LOW HITPOINT WARNING * * *
It was a potion of mutation.
You feel extremely strange.
You feel clumsy.
You occasionally lose the ability to read scrolls when taking damage.
Ijyb attacks as you move away! Ijyb closely misses you.
Ijyb zaps a wand.
The puff of flame hits you!
You feel threatened and lose the ability to read scrolls!
You die...

..... #.# * #..
.....###.. , *##..
...,..##.# , , ,,
..# #.###.##.# ,
*####...#.#...##.#
.#....#.#.###....#
.#.##.#.....#.#.g#*,
, ......###.#.#.##.#
.#.##.........##@# ,
, , ,
......###.#.#.##.#
,,
##.##.#.....#....# ,
..<#..#.#.###.####*,
* ##.#....#.# ..# *
* *.....###.# #..
#......,... ..# ,
#....## .## ## ,
.....# . , ,


You could see Ijyb (combustible).

Vanquished Creatures
  An adder (D:2)
  3 ball pythons (D:1)
  2 giant cockroaches
  A goblin (D:1)
  A hobgoblin (D:1)
  4 jackals (D:1)
  2 kobolds
  A bat (D:1)
  A frilled lizard (D:1)
  2 rats (D:2)
18 creatures vanquished.

Vanquished Creatures (others)
  32 foxfires
32 creatures vanquished.

Grand Total: 50 creatures vanquished

Notes
Turn   | Place    | Note
-------+----------+-------------------------------------------
     0 | D:1      | hawla the Meteoran Fire Elementalist began the quest for
                  | the Orb.
     0 | D:1      | Reached XP level 1. HP: 14/14 MP: 5/5
    53 | D:1      | Found Pohirad's Jewellery Shop.
    74 | D:1      | Reached XP level 2. HP: 19/20 MP: 0/6
    81 | D:1      | Learned a level 2 spell: Scorch
   102 | D:1      | Reached skill level 4 in Fire Magic
   174 | D:2      | Reached XP level 3. HP: 22/26 MP: 4/8
   264 | D:3      | Noticed Ijyb
   275 | D:3      | HP: 1/26 [Ijyb/puff of flame (12)]
   277 | D:3      | Gained mutation: You are clumsy. (Dex -2) [potion of
                  | mutation]
   277 | D:3      | Gained mutation: You occasionally lose the ability to read
                  | scrolls when taking damage. [potion of mutation]
   278 | D:3      | Killed from afar by Ijyb

Illustrated notes

Levels and vault maps discovered:
D:1:      dpeg_arrival_court, layout_loops_ring, serial_shops, shop_fountains,
          serial_aquarium, aquarium_bridge_island_small
          [aquarium_subvault_small_water, aquarium_subvault_balcony,
          aquarium_subvault_bridge, aquarium_subvault_bridge,
          aquarium_subvault_bridge], aquarium_bridge_long_separate
          [aquarium_subvault_bridge, aquarium_subvault_bridge,
          aquarium_subvault_bridge, aquarium_subvault_bridge,
          aquarium_subvault_wall, aquarium_subvault_bridge],
          aquarium_window_fake, aquarium_window_1, aquarium_window_corridor_1,
          aquarium_window_1, aquarium_view_2e, aquarium_balcony_double_4,
          aquarium_pool_2, amcnicky_mini_corridor_feature, minmay_pentomino_q2
D:2:      layout_basic, ebering_ecumenical_altar_webs, minmay_strange_pillars,
          uniq_natasha, uniq_crazy_yiuf_cottage
D:3:      layout_basic, wad_floor_pattern_1, skrybe_limestone_x,
          serial_park_tiny_2, kennysheep_crisscross, serial_bayou_pond_e,
          minmay_misc_feat_roman, uniq_ijyb

Skill      XL: |  1  2 |
---------------+-------+-----
Fire Magic     | 4 |  4.5
Spellcasting   | 3 |  3.0
Dodging        | |  2.9
Stealth        | |  1.4
Conjurations   | |  1.2

Action                   || total
-------------------------++-------
Melee: Unarmed           ||    20
       Punch             ||     1
 Cast: Foxfire           ||    17
       Scorch            ||     9
  Use: Potion            ||     3
       Scroll            ||     3
Armor: Robe              ||    10
Dodge: Dodged            ||    25
